 Dungeon Crawl Stone Soup version 0.29.1-2-gbd0b4ee654 (webtiles) character file.

Game seed: 12958686203147020340

62 sanboga the Cudgeller (level 3, 0/33 HPs)
             Began as a Minotaur Monk on Nov 20, 2022.
             Slain by a gnoll
             ... wielding a +0 war axe
              (13 damage)
             ... on level 2 of the Dungeon.
             The game lasted 00:02:06 (1408 turns).

sanboga the Cudgeller (Minotaur Monk)               Turns: 1408, Time: 00:02:07

Health: 0/33       AC:  2    Str: 17    XL:     3   Next: 85%
Magic:  2/2        EV: 12    Int:  7    God:
Gold:   171        SH:  0    Dex: 12    Spells: 2/2 levels left

rFire   . . .      SeeInvis .   d - +0 flail
rCold   . . .      Faith    .   (no shield)
rNeg    . . .      Spirit   .   b - +0 robe
rPois   .          Reflect  .   (helmet restricted)
rElec   .          Harm     .   (no cloak)
rCorr   .          Rampage  .   (no gloves)
Will    .....                   (no boots)
Stlth   ++........              (no amulet)
HPRegen 0.11/turn               (no ring)
MPRegen 0.08/turn               (no ring)

@: no status effects
A: horns 2, retaliatory headbutt
a: no special abilities


You were on level 2 of the Dungeon.
You visited 1 branch of the dungeon, and saw 2 of its levels.

You collected 171 gold pieces.

Inventory:

Hand Weapons
 d - a +0 flail (weapon)
Armour
 b - a +0 robe (worn)
Scrolls
 a - a scroll of vulnerability {unknown}
 f - a scroll of poison {unknown}
 g - a scroll of enchant armour
 h - 3 scrolls of teleportation {unknown}
 i - a scroll of magic mapping {unknown}
Potions
 c - 2 potions of ambrosia
 e - a potion of resistance
 j - a potion of attraction {unknown}
 k - a potion of brilliance {unknown}


   Skills:
 + Level 4.2 Fighting
 * Level 4.9 Maces & Flails
 + Level 1.9 Armour
 - Level 3.2 Dodging
 - Level 1.5 Stealth


You had 2 spell levels left.
You didn't know any spells.
Your spell library contained the following spells:

 Spells                   Type           Power      Damage    Failure   Level
 Slow                     Hex            0%         N/A       43%         1
 Static Discharge         Conj/Air       0%         3-3/arc   56%         2
 Confusing Touch          Hex            0%         N/A       80%         3
 Vampiric Draining        Necr           0%         2d6       80%         3
 Dispel Undead            Necr           0%         3d6       99%         4
 Sticky Flame             Conj/Fire      0%         2d3       99%         4


Dungeon Overview and Level Annotations

Branches:
Dungeon (2/15)

Altars:


Innate Abilities, Weirdness & Mutations

You have a pair of horns on your head.
You reflexively headbutt those who attack you in melee.


Message History

You open the door.
There is an open door here.
k - a clear potion No target in view!
No target in view!
There is an open door here.
Found a robe.
Found 2 poisoned darts.
No target in view!
No target in view!
h - 3 scrolls labelled ZEKLAE SI FIX (gained 1)
A gnoll is nearby!
A gnoll is nearby! 2 gnolls come into view.
You catch the helpless gnoll completely off-guard!
You hit the gnoll.
The gnoll is heavily wounded.
The gnoll barely misses you.
You barely miss the gnoll.
The gnoll shouts! x2
You headbutt the gnoll.
The gnoll is heavily wounded.
The gnoll barely misses you. You furiously retaliate!
You headbutt the gnoll!
You kill the gnoll!
You hit the gnoll. Your headbutt misses the gnoll.
The gnoll is heavily wounded.
The gnoll hits you but does no damage.
The gnoll hits you with a +0 long sword!
The gnoll hits you with a +0 war axe!
You are too injured to fight recklessly!
You are too injured to fight recklessly!
You are too injured to fight recklessly!
You are too injured to fight recklessly!
You are too injured to fight recklessly!
Things that are here:
a +0 flail; a scroll labelled DAVUTA VIUTSOX; a gnoll corpse You closely miss the gnoll.
You headbutt the gnoll.
The gnoll is moderately wounded.
The gnoll hits you with a +0 war axe!
You die...

.....####..#.#.# )....#
#......# ...# .....#
##.#.### ##...# .....#
#.#(# #...... .....#
#.#.# ....... .....#
#...# ....... .....#
#.### ....... .....#
#.#######....... ######
#......@gg...... ##
##.......##......
.########................
.##....#.........#.......
.......#..######...#####.
..........# #####
###.###..## ###.###<.#
.........#


You could see 2 gnolls.

Vanquished Creatures
  2 gnolls (D:2)
  An adder (D:2)
  A worm (D:2)
  2 dart slugs
  3 ball pythons
  2 bats
  2 endoplasms
  A giant cockroach (D:2)
  A goblin (D:1)
  2 hobgoblins (D:2)
  4 quokkas
  3 kobolds
  2 rats (D:1)
26 creatures vanquished.

Vanquished Creatures (others)
  A plant (D:1)
1 creature vanquished.

Grand Total: 27 creatures vanquished

Notes
Turn   | Place    | Note
-------+----------+-------------------------------------------
     0 | D:1      | sanboga the Minotaur Monk began the quest for the Orb.
     0 | D:1      | Reached XP level 1. HP: 19/19 MP: 0/0
    86 | D:1      | Found a faded altar of an unknown god.
   563 | D:1      | Reached XP level 2. HP: 24/27 MP: 1/1
   662 | D:1      | Reached skill level 1 in Armour
  1083 | D:2      | Reached XP level 3. HP: 25/33 MP: 2/2
  1408 | D:2      | Slain by a gnoll

Illustrated notes

Levels and vault maps discovered:
D:1:      dpeg_arrival_more_subterranean_lakeside_camping, layout_basic,
          shapermc_ecumenical_altar_gd, nrook_mini_vaults
D:2:      layout_basic

Skill      XL: |  1  2 |
---------------+-------+-----
Maces & Flails | 4 |  4.9
Armour         | 1 |  1.9
Fighting       | 4 |  4.2
Dodging        | |  3.2
Stealth        | |  1.5

Action                   || total
-------------------------++-------
Melee: Flail             ||    55
       Headbutt          ||    11
       Punch             ||     1
  Use: Scroll            ||     3
 Stab: Sleeping          ||     1
       Distracted        ||     1
Armor: Robe              ||     6
Dodge: Dodged            ||    32
